 Dungeon Sprint DCSS version 0.30-a0-222-ge547ba4400 (webtiles) character file.

Game seed: 17981336925524713734

1225 tbh1313 the Bludgeoner (level 8, -7/111 HPs)
             Began as a Troll Berserker on Oct 9, 2022.
             Was a Priest of Trog.
             Succumbed to Sonja's poison
             ... in the Dungeon (Sprint I: "Red Sonja").
             The game lasted 00:02:39 (358 turns).

tbh1313 the Bludgeoner (Troll Berserker)             Turns: 358, Time: 00:02:40

Health: -7/111     AC:  6    Str: 26    XL:     8   Next: 23%
Magic:  7/7        EV: 10    Int:  5    God:    Trog [***...]
Gold:   405        SH:  0    Dex:  9    Spells: 7/7 levels left

rFire   . . .      SeeInvis .    j - +0 giant spiked club
rCold   . . .      Faith    .    (shield currently unavailable)
rNeg    + . .      Spirit   .    l - +2 robe {rN+}
rPois   .          Reflect  .    (helmet restricted)
rElec   .          Harm     .    (no cloak)
rCorr   .          Rampage  .    (gloves unavailable)
Will    ++...      NoTele   +    (boots unavailable)
Stlth   ..........               m - amulet of magic regeneration
HPRegen 2.18/turn                (no ring)
MPRegen 0.50/turn                (no ring)

@: berserking, lethally poisoned (-7 -> -82), strong-willed, regenerating, very
quick
A: large, unfitting armour, claws 3, regeneration 1, shaggy fur 1, tough skin 1
a: Renounce Religion, Berserk, Trog's Hand


You were in the Dungeon.
You worshipped Trog.
Trog was most pleased with you.
You visited 1 branch You collected 405 gold pieces.

Inventory:

Hand Weapons
 j - a +0 giant spiked club (weapon)
Armour
 l - a +2 robe of positive energy (worn)
Jewellery
 m - an amulet of magic regeneration (around neck)
Wands
 i - a wand of flame (17)
Scrolls
 a - a scroll of enchant armour {unknown}
 b - a scroll of vulnerability {unknown}
 h - a scroll of blinking
Potions
 c - a potion of curing
 d - a potion of heal wounds
 e - a potion of haste
 f - 2 potions of magic
 g - a potion of berserk rage
 k - 2 potions of degeneration {unknown}


   Skills:
 - Level 2.4 Fighting
 + Level 16.6 Maces & Flails
 - Level 2.4 Dodging


You had 7 spell levels left.
You didn't know any spells.
Your spell library was empty.

Dungeon Overview and Level Annotations

Branches:
Dungeon (1/1)

Altars:
Cheibriados
Dithmenos
Elyvilon
Fedhas
Gozag
Hepliaklqana
Kikubaaqudgha
Makhleb
Nemelex Xobeh
Okawaru
Qazlal
Ru
Sif Muna
Trog
Uskayaw
Vehumet
Wu Jian
Xom
Yredelemnul
Zin
The Shining One
Jiyva
Lugonu

Shops:
D =

Annotations:
D Sonja


Innate Abilities, Weirdness & Mutations

You are too large for most types of armour.
You have claws for hands.
Your natural rate of healing is unusually fast.
You are covered in fur. (AC +1)
You have tough skin. (AC +1)


Message History

Sonja hits you with a +0 short sword of venom!
You are more poisoned.
Sonja barely misses you.
Sonja hits you with a +0 short sword of venom.
You are more poisoned.
Sonja hits you but does no damage.
You are lethally poisoned!
Sonja hits you but does no damage.
You are more poisoned.
Sonja hits you with a +0 short sword of venom.
You are more poisoned.
A red film seems to cover your vision as you go berserk!
You feel yourself moving faster!
You feel mighty!
You feel extremely sick. Sonja completely misses you.
Sonja hits you with a +0 short sword of venom.
You are more poisoned.
Sonja hits you with a +0 short sword of venom.
You are more poisoned.
You completely miss Sonja.
Sonja is moderately wounded.
* * * LOW HITPOINT WARNING * * *
You feel extremely sick.
Sonja hits you with a +0 short sword of venom.
* * * LOW HITPOINT WARNING * * *
Sonja barely misses you. Sonja hits you but does no damage.
You are more poisoned.
You miss Sonja.
Sonja is moderately wounded.
* * * LOW HITPOINT WARNING * * *
You feel extremely sick. Sonja hits you but does no damage.
You are more poisoned.
Sonja hits you with a +0 short sword of venom.
* * * LOW HITPOINT WARNING * * *
You are more poisoned.
Sonja barely misses you.
You closely miss Sonja.
Sonja is moderately wounded.
You die...

##########################
#<.#..'..#..'..#__#..'...#
#..').#..').#..'..'..#)..#
#..#####'#####'#__####...+
#..####..#...#.#### #####
#..#__####..##.#
#..#_____##'#_.+
#⌠⌠#_.∩...†..._#
####_..__##_@#'#
#_____###K#.# #######
#.### $.$ $.$ ##.## #+#


You could see Sonja.

Levels and vault maps discovered:
D:        dungeon_sprint_1 [red_sonja_temple_1, red_sonja_temple_small_1]

Notes
Turn   | Place    | Note
-------+----------+-------------------------------------------
     0 | D        | tbh1313 the Troll Berserker began the quest for the Orb.
     0 | D        | Reached XP level 1. HP: 22/22 MP: 0/0
     1 | D        | Noticed Ijyb
    17 | D        | Killed Ijyb
    18 | D        | Reached skill level 5 in Maces & Flails
    18 | D        | Reached XP level 2. HP: 15/29 MP: 1/1
    53 | D        | Noticed an ogre
    58 | D        | Killed an ogre
    59 | D        | Reached skill level 8 in Maces & Flails
    59 | D        | Reached XP level 3. HP: 36/36 MP: 2/2
    59 | D        | Reached XP level 4. HP: 44/44 MP: 3/3
   118 | D        | Noticed Sigmund
   127 | D        | Killed Sigmund
   127 | D        | Reached ** piety under Trog
   128 | D        | Reached skill level 11 in Maces & Flails
   128 | D        | Reached XP level 5. HP: 50/50 MP: 4/4
   187 | D        | Found an ornate altar of the Wu Jian Council.
   187 | D        | Found a shimmering blue altar of Sif Muna.
   189 | D        | Found a radiant altar of Vehumet.
   193 | D        | Reached skill level 12 in Maces & Flails
   193 | D        | Reached XP level 6. HP: 59/59 MP: 5/5
   214 | D        | Found Buir Gaf's Jewellery Emporium.
   214 | D        | Found an ancient bone altar of Kikubaaqudgha.
   214 | D        | Found a hazy altar of Hepliaklqana.
   214 | D        | Found a stormy altar of Qazlal.
   214 | D        | Found a hide-covered altar of Uskayaw.
   214 | D        | Found a blossoming altar of Fedhas.
   214 | D        | Found a bloodstained altar of Trog.
   214 | D        | Found an iron altar of Okawaru.
   214 | D        | Found a basalt altar of Yredelemnul.
   214 | D        | Found a glowing golden altar of the Shining One.
   214 | D        | Found a snail-covered altar of Cheibriados.
   214 | D        | Found a sacrificial altar of Ru.
   214 | D        | Found a glowing silver altar of Zin.
   214 | D        | Found a shadowy altar of Dithmenos.
   214 | D        | Found a white marble altar of Elyvilon.
   214 | D        | Noticed a yak
   217 | D        | Killed a yak
   218 | D        | Reached skill level 13 in Maces & Flails
   219 | D        | Found an opulent altar of Gozag.
   234 | D        | Found a sparkling altar of Nemelex Xobeh.
   250 | D        | Found a burning altar of Makhleb.
   250 | D        | Found a viscous altar of Jiyva.
   250 | D        | Found a shimmering altar of Xom.
   250 | D        | Found a corrupted altar of Lugonu.
   250 | D        | Noticed a slime creature
   257 | D        | Killed a slime creature
   258 | D        | Reached skill level 14 in Maces & Flails
   258 | D        | Reached XP level 7. HP: 37/66 MP: 6/6
   298 | D        | Noticed a kobold demonologist
   298 | D        | Noticed a kobold demonologist
   301 | D        | Paralysed by a floating eye for 2 turns
   305 | D        | Noticed a sixfirhy
   307 | D        | Killed a kobold demonologist
   307 | D        | Reached *** piety under Trog
   308 | D        | Reached skill level 15 in Maces & Flails
   315 | D        | Killed a kobold demonologist
   315 | D        | Reached **** piety under Trog
   316 | D        | Reached skill level 16 in Maces & Flails
   316 | D        | Reached XP level 8. HP: 60/74 MP: 7/7
   348 | D        | Noticed Sonja
   357 | D        | HP: 9/111 [poisoned by Sonja]
   358 | D        | Succumbed to Sonja's poison

Table legend: (Time is in decaauts)
 A = Elapsed time spent in this place.
 B = Non-inter-level travel time spent in this place.
 C = Inter-level travel time spent in this place.
 D = Time resting spent in this place.
 E = Time spent auto-exploring this place.
 F = Levels seen in this place.
 G = Mean time per level.
                   A        B        C        D        E       F      G
               +--------+--------+--------+--------+--------+-----+--------+
         Total |    402 |    383 |     19 |    199 |      1 |   1 |  402.0 |
       Dungeon |    402 |    383 |     19 |    199 |      1 |   1 |  402.0 |
               +--------+--------+--------+--------+--------+-----+--------+

Top non-repeatable levels by time:
       D: 402 daAuts

Table legend:
 A = Kills in this place as a percentage of kills in entire the game.
 B = Kills by you in this place as a percentage of kills by you in the entire game.
 C = Kills by friends in this place as a percentage of kills by friends in the entire game.
 D = Other kills in this place as a percentage of other kills in the entire game.
 E = Experience gained in this place as a percentage of experience gained in the entire game.
 F = Experience gained in this place divided by the number of levels of this place that you have seen.
                   A       B       C       D       E      F
               +-------+-------+-------+-------+-------+----------------------
         Total | 100.0 | 100.0 |   N/A |   N/A | 100.0 | 1750.0
       Dungeon | 100.0 | 100.0 |   N/A |   N/A | 100.0 | 1750.0
               +-------+-------+-------+-------+-------+----------------------

Action                   |  1- 3 |  4- 6 |  7- 9 || total
-------------------------+-------+-------+-------++-------
Melee: Mace              |    18 |     7 |       ||    25
       Punch             |     1 |       |       ||     1
       Giant spiked club |       |    10 |    19 ||    29
Invok: Berserk           |     2 |     1 |     2 ||     5
       Trog's Hand       |       |       |     2 ||     2
Evoke: Wand              |       |       |     2 ||     2
Armor: Animal skin       |     3 |       |       ||     3
       Robe              |       |     1 |    17 ||    18
Dodge: Dodged            |     5 |     6 |    15 ||    26

Vanquished Creatures
  2 kobold demonologists (D)
  A slime creature (D)
  Sigmund (D)
  A yak (D)
  A floating eye (D)
  An ogre (D)
  A jelly (D)
  Ijyb (D)
9 creatures vanquished.
